cohdb
Replays
Latest Replays
All Replays
Popular Replays
Top Player Replays
Match Explorer
How It Works
Community
CoH3 Stats
Reddit
Sign in to upload your games and track your stats! →
Sign in with Steam
Match 40561144
Unlisted
Match 40561144
Overview
Messages
Build Orders
End
Engineer Squad
Selects Special Operations Battlegroup
Selects M29 Weasel Recon Vehicle
Construct Barracks
Riflemen Squad
Grenade Package
Riflemen Squad
Selects Smoke Screen
Selects Smoke Screen
Smoke Screen
M29 Weasel Recon Vehicle
Construct Medical Station
Infantry Support Center
Riflemen Squad
Construct Weapon Support Center
Smoke Screen
M1 Mortar Team
M1918 Browning Automatic Rifles
M1 Mortar Team
Demolitions Package
M1919 Machine Gun Team
Smoke Screen
Munitions Surplus
Improved M9 Bazooka Rockets
Bazooka Squad
Bazooka Squad
Selects P-47 Anti-Infantry Loiter
P-47 Anti-Infantry Loiter
Smoke Screen
Lenier
Thomas
UH|dun! ツ
UH|ck
0
0
Comments
sign in to comment!
No comments posted yet!